TOP OF THE 1ST |
Sacramento River Cats batting - Pitching for El Paso Chihuahuas : RHP Jorge Guerrero
|
Pitching: RHP Jorge Guerrero
|
|
Batting: LHB Ryan Braden
|
0-0: Called Strike 0-1: Foul Ball, location: 2F 0-2: Strikes out swinging
|
Batting: RHB Bill Defazio
|
0-0: Called Strike 0-1: Ground out 1-3 (Groundball, 34S, EV 77.5 MPH)
|
Batting: LHB Mason Duffy
|
0-0: Ball 1-0: Swinging Strike 1-1: Ball 2-1: Ball 3-1: Foul Ball, location: 2F 3-2: Fly out, F7 (Flyball, 78M, EV 90.0 MPH)
|
Top of the 1st over - 0 runs, 0 hits, 0 errors, 0 left on base; Sacramento 0 - El Paso 0 |
BOTTOM OF THE 1ST |
El Paso Chihuahuas batting - Pitching for Sacramento River Cats : RHP Tong Huang
|
Pitching: RHP Tong Huang
|
|
Batting: RHB Wally Cangro
|
0-0: Ball 1-0: SOLO HOME RUN (Flyball, 7D, EV 100.0 MPH), Distance : 398 ft
|
Batting: RHB Rodolfo Rivera
|
0-0: Ball 1-0: Ball 2-0: Foul Ball, location: 2F 2-1: SINGLE (Groundball, 34D, EV 96.9 MPH)
|
Batting: SHB Adam Martin
|
0-0: Called Strike Rodolfo Rivera steals 2nd base 0-1: Swinging Strike 0-2: SINGLE (Flyball, 9LS, EV 88.1 MPH) Rodolfo Rivera to third
|
Batting: RHB Jose Morrissey
|
0-0: Ball 1-0: Ball 2-0: Called Strike 2-1: Foul Ball, location: 2F 2-2: SINGLE (Groundball, 6M, EV 87.5 MPH) (infield hit) Rodolfo Rivera scores Adam Martin to second
|
Batting: RHB Eric Sandell
|
0-0: Ball 1-0: Swinging Strike 1-1: Ball 2-1: Ball 3-1: Base on Balls Adam Martin to third Jose Morrissey to second
|
Batting: RHB Andy Sheridan
|
0-0: Ball 1-0: SINGLE (Groundball, 6MD, EV 101.2 MPH) Adam Martin scores Jose Morrissey to third Eric Sandell to second
|
Batting: LHB Angel Mejia
|
0-0: Ball 1-0: Called Strike 1-1: Called Strike 1-2: Ball 2-2: Ball 3-2: Base on Balls Jose Morrissey scores Eric Sandell to third Andy Sheridan to second
|
Batting: RHB Chase Briney
|
0-0: Swinging Strike 0-1: Swinging Strike 0-2: Fly out, F9 (Flyball, 9S, EV 80.6 MPH)
|
Batting: RHB Lamberto Amicis
|
0-0: Foul Ball, location: 2F 0-1: Called Strike 0-2: Ball 1-2: Hit by Pitch Eric Sandell scores Andy Sheridan to third Angel Mejia to second
|
Pitching: RHP Adam Browne
|
|
Batting: RHB Wally Cangro
|
0-0: Ball 1-0: Ball 2-0: Called Strike 2-1: SINGLE (Groundball, 56D, EV 105.6 MPH) Andy Sheridan scores Angel Mejia to third Lamberto Amicis to second Runner from 3rd tries for Home, throw by LF and OUT! 7-2
|
Batting: RHB Rodolfo Rivera
|
0-0: Called Strike 0-1: Swinging Strike 0-2: Foul Ball, location: 2F 0-2: Ball 1-2: Fly out, F6 (Popup, 6MD, EV 66.9 MPH)
|
Bottom of the 1st over - 6 runs, 6 hits, 0 errors, 2 left on base; Sacramento 0 - El Paso 6 |
TOP OF THE 2ND |
Sacramento River Cats batting - Pitching for El Paso Chihuahuas : RHP Jorge Guerrero
|
Batting: LHB Willie Ceniceros
|
0-0: Ball 1-0: Fly out, F8 (Flyball, 8LD, EV 98.8 MPH)
|
Batting: RHB Brian Rogers
|
0-0: SINGLE (Groundball, 56S, EV 64.4 MPH) (infield hit)
|
Batting: RHB Dave Crouch
|
0-0: Ball 1-0: Ground out 6-3 (Groundball, 6, EV 86.9 MPH) Brian Rogers to second
|
Batting: RHB Hugo Zacarias
|
0-0: Called Strike 0-1: Foul Ball, location: 2F 0-2: Ball 1-2: Ball 2-2: Strikes out swinging
|
Top of the 2nd over - 0 runs, 1 hit, 0 errors, 1 left on base; Sacramento 0 - El Paso 6 |
BOTTOM OF THE 2ND |
El Paso Chihuahuas batting - Pitching for Sacramento River Cats : RHP Adam Browne
|
Batting: SHB Adam Martin
|
0-0: Fly out, F8 (Flyball, 8LM, EV 97.5 MPH)
|
Batting: RHB Jose Morrissey
|
0-0: Ball 1-0: Ball 2-0: Called Strike 2-1: SINGLE (Line Drive, 4D, EV 94.4 MPH)
|
Batting: RHB Eric Sandell
|
0-0: Swinging Strike 0-1: Swinging Strike 0-2: Strikes out looking
|
Batting: RHB Andy Sheridan
|
0-0: Called Strike 0-1: Ball 1-1: Ball 2-1: SINGLE (Groundball, 6MD, EV 98.8 MPH) Jose Morrissey to second Runner from 2nd tries for 3rd, SAFE, no throw by CF
|
Batting: LHB Angel Mejia
|
0-0: Ball 1-0: Ball 2-0: Ball 3-0: Base on Balls Andy Sheridan to second
|
Batting: RHB Chase Briney
|
0-0: Fielders Choice at 2nd, 6-4 (Groundball, 6, EV 83.8 MPH)
|
Bottom of the 2nd over - 0 runs, 2 hits, 0 errors, 3 left on base; Sacramento 0 - El Paso 6 |
TOP OF THE 3RD |
Sacramento River Cats batting - Pitching for El Paso Chihuahuas : RHP Jorge Guerrero
|
Batting: RHB Justin Baldwin
|
0-0: Foul Ball, location: 2F 0-1: Ball 1-1: Foul Ball, location: 2F 1-2: SINGLE (Groundball, 4MD, EV 102.5 MPH)
|
Batting: RHB Matt Shepard
|
0-0: Grounds into double play, 4-6-3 (Groundball, 4, EV 85.6 MPH)
|
Batting: LHB Ryan Braden
|
0-0: Swinging Strike 0-1: Swinging Strike 0-2: Foul Ball, location: 2F 0-2: Ball 1-2: Ball 2-2: Foul Ball, location: 2F 2-2: Foul Ball, location: 2F 2-2: Ball 3-2: Ground out 6-3 (Groundball, 6M, EV 85.6 MPH)
|
Top of the 3rd over - 0 runs, 1 hit, 0 errors, 0 left on base; Sacramento 0 - El Paso 6 |
BOTTOM OF THE 3RD |
El Paso Chihuahuas batting - Pitching for Sacramento River Cats : RHP Adam Browne
|
Batting: RHB Lamberto Amicis
|
0-0: Ground out 6-3 (Groundball, 6M, EV 101.2 MPH)
|
Batting: RHB Wally Cangro
|
0-0: Swinging Strike 0-1: Ball 1-1: Fly out, F9 (Flyball, 89D, EV 98.1 MPH)
|
Batting: RHB Rodolfo Rivera
|
0-0: Called Strike 0-1: Ball 1-1: Called Strike 1-2: Ball 2-2: Ground out 6-3 (Groundball, 6S, EV 62.5 MPH)
|
Bottom of the 3rd over - 0 runs, 0 hits, 0 errors, 0 left on base; Sacramento 0 - El Paso 6 |
TOP OF THE 4TH |
Sacramento River Cats batting - Pitching for El Paso Chihuahuas : RHP Jorge Guerrero
|
Batting: RHB Bill Defazio
|
0-0: Called Strike 0-1: Called Strike 0-2: Ball 1-2: Foul Ball, location: 2F 1-2: Ball 2-2: Strikes out swinging
|
Batting: LHB Mason Duffy
|
0-0: Fly out, F6 (Popup, 4MS, EV 66.9 MPH)
|
Batting: LHB Willie Ceniceros
|
0-0: Called Strike 0-1: Swinging Strike 0-2: Ball 1-2: Fly out, F8 (Flyball, 8RD, EV 91.9 MPH)
|
Top of the 4th over - 0 runs, 0 hits, 0 errors, 0 left on base; Sacramento 0 - El Paso 6 |
BOTTOM OF THE 4TH |
El Paso Chihuahuas batting - Pitching for Sacramento River Cats : RHP Adam Browne
|
Batting: SHB Adam Martin
|
0-0: Ball 1-0: Swinging Strike 1-1: Called Strike 1-2: Ball 2-2: Ball 3-2: Strikes out swinging
|
Batting: RHB Jose Morrissey
|
0-0: Fly out, F8 (Flyball, 78M, EV 79.4 MPH)
|
Batting: RHB Eric Sandell
|
0-0: Swinging Strike 0-1: Foul Ball, location: 2F 0-2: Strikes out looking
|
Bottom of the 4th over - 0 runs, 0 hits, 0 errors, 0 left on base; Sacramento 0 - El Paso 6 |
TOP OF THE 5TH |
Sacramento River Cats batting - Pitching for El Paso Chihuahuas : RHP Jorge Guerrero
|
Batting: RHB Brian Rogers
|
0-0: Called Strike 0-1: Swinging Strike 0-2: Ball 1-2: Ball 2-2: Ball 3-2: Base on Balls
|
Batting: RHB Dave Crouch
|
0-0: Ball 1-0: Ball 2-0: Grounds into double play, 4-6-3 (Groundball, 34, EV 106.9 MPH)
|
Batting: RHB Hugo Zacarias
|
0-0: Ball 1-0: Ball 2-0: Called Strike 2-1: Foul Ball, location: 2F 2-2: Ball 3-2: Strikes out swinging
|
Top of the 5th over - 0 runs, 0 hits, 0 errors, 0 left on base; Sacramento 0 - El Paso 6 |
BOTTOM OF THE 5TH |
El Paso Chihuahuas batting - Pitching for Sacramento River Cats : RHP Adam Browne
|
Batting: RHB Andy Sheridan
|
0-0: Foul Ball, location: 2F 0-1: Foul Ball, location: 2F 0-2: Foul Ball, location: 2F 0-2: Ball 1-2: Foul Ball, location: 2F 1-2: DOUBLE (Flyball, 78XD, EV 105.6 MPH)
|
Batting: LHB Angel Mejia
|
0-0: Ground out U3 (Groundball, 3, EV 111.2 MPH) Andy Sheridan to third
|
Batting: RHB Chase Briney
|
0-0: Called Strike 0-1: Swinging Strike 0-2: Ball 1-2: Strikes out swinging
|
Batting: RHB Lamberto Amicis
|
0-0: Called Strike 0-1: SINGLE (Line Drive, 6D, EV 98.8 MPH) Andy Sheridan scores
|
Batting: RHB Wally Cangro
|
0-0: Ball 1-0: Ball 2-0: Swinging Strike 2-1: Ball 3-1: Swinging Strike 3-2: Fly out, F7 (Line Drive, 7, EV 110.6 MPH)
|
Bottom of the 5th over - 1 run, 2 hits, 0 errors, 1 left on base; Sacramento 0 - El Paso 7 |
TOP OF THE 6TH |
Sacramento River Cats batting - Pitching for El Paso Chihuahuas : RHP Jorge Guerrero
|
Batting: RHB Justin Baldwin
|
0-0: Ball 1-0: Ground out 6-3 (Groundball, 6D, EV 99.4 MPH)
|
Batting: RHB Matt Shepard
|
0-0: Called Strike 0-1: Swinging Strike 0-2: Strikes out swinging
|
Batting: LHB Ryan Braden
|
0-0: Called Strike 0-1: Ball 1-1: Ball 2-1: Called Strike 2-2: Foul Ball, location: 2F 2-2: SINGLE (Line Drive, 7LS, EV 91.2 MPH)
|
Batting: RHB Bill Defazio
|
0-0: Ball 1-0: Foul Ball, location: 2F 1-1: Ball 2-1: Swinging Strike 2-2: Ground out U3 (Groundball, 34S, EV 87.5 MPH)
|
Top of the 6th over - 0 runs, 1 hit, 0 errors, 1 left on base; Sacramento 0 - El Paso 7 |
BOTTOM OF THE 6TH |
El Paso Chihuahuas batting - Pitching for Sacramento River Cats : RHP Adam Browne
|
Pitching: RHP Jim Sprayberry
|
|
Batting: RHB Rodolfo Rivera
|
0-0: Foul Ball, location: 2F 0-1: Foul Ball, location: 2F 0-2: Ball 1-2: Foul Ball, location: 2F 1-2: Strikes out swinging
|
Batting: SHB Adam Martin
|
0-0: Called Strike 0-1: SINGLE (Flyball, 8RS, EV 90.0 MPH)
|
Batting: RHB Jose Morrissey
|
0-0: Ball 1-0: Ball 2-0: Swinging Strike 2-1: Ball 3-1: Called Strike 3-2: SINGLE (Line Drive, 89S, EV 90.0 MPH) Adam Martin to second
|
Batting: RHB Eric Sandell
|
0-0: Called Strike 0-1: Ball 1-1: Ball 2-1: Ball 3-1: Swinging Strike 3-2: Strikes out swinging
|
Batting: RHB Andy Sheridan
|
0-0: Called Strike 0-1: Ball 1-1: Fly out, F7 (Flyball, 78S, EV 96.2 MPH)
|
Bottom of the 6th over - 0 runs, 2 hits, 0 errors, 2 left on base; Sacramento 0 - El Paso 7 |
TOP OF THE 7TH |
Sacramento River Cats batting - Pitching for El Paso Chihuahuas : RHP Jorge Guerrero
|
Batting: LHB Mason Duffy
|
0-0: SINGLE (Groundball, 6MS, EV 70.0 MPH) (infield hit)
|
Batting: LHB Willie Ceniceros
|
0-0: Fly out, F9 (Flyball, 89M, EV 88.1 MPH)
|
Batting: RHB Brian Rogers
|
0-0: Called Strike 0-1: Swinging Strike 0-2: Foul Ball, location: 2F 0-2: Ball 1-2: Ball 2-2: SINGLE (Groundball, 56, EV 105.0 MPH) (infield hit) Mason Duffy to second
|
Batting: RHB Dave Crouch
|
0-0: Fly out, F9 (Flyball, 9D, EV 106.2 MPH) Runner from 2nd tags up, SAFE at 3rd, no throw by RF
|
Batting: RHB Hugo Zacarias
|
0-0: Fly out, F8 (Line Drive, 8LM, EV 103.8 MPH)
|
Top of the 7th over - 0 runs, 2 hits, 0 errors, 2 left on base; Sacramento 0 - El Paso 7 |
BOTTOM OF THE 7TH |
El Paso Chihuahuas batting - Pitching for Sacramento River Cats : RHP Jim Sprayberry
|
Batting: LHB Angel Mejia
|
0-0: Called Strike 0-1: Ball 1-1: Ball 2-1: Foul Ball, location: 2F 2-2: Ball 3-2: Strikes out swinging
|
Batting: RHB Chase Briney
|
0-0: Swinging Strike 0-1: Ball 1-1: Ball 2-1: Ball 3-1: Base on Balls
|
Batting: RHB Lamberto Amicis
|
0-0: Swinging Strike 0-1: Foul Ball, location: 2F 0-2: Ground out 5-3 (Groundball, 56S, EV 63.8 MPH) Chase Briney to second
|
Batting: RHB Wally Cangro
|
0-0: Ball 1-0: Foul Ball, location: 2F 1-1: Ball 2-1: Foul Ball, location: 2F 2-2: Ball 3-2: Ground out 5-3 (Groundball, 5, EV 101.9 MPH)
|
Bottom of the 7th over - 0 runs, 0 hits, 0 errors, 1 left on base; Sacramento 0 - El Paso 7 |
TOP OF THE 8TH |
Sacramento River Cats batting - Pitching for El Paso Chihuahuas : RHP Jorge Guerrero
|
Batting: RHB Justin Baldwin
|
0-0: Ball 1-0: Foul Ball, location: 2F 1-1: Ball 2-1: Ground out 1-3 (Groundball, P, EV 68.1 MPH)
|
Batting: RHB Matt Shepard
|
0-0: Called Strike 0-1: Ball 1-1: Ball 2-1: Ball 3-1: SINGLE (Line Drive, 78S, EV 94.4 MPH)
|
Batting: LHB Ryan Braden
|
0-0: SINGLE (Groundball, 6M, EV 105.6 MPH) (infield hit) Matt Shepard to second
|
Batting: RHB Bill Defazio
|
0-0: Ball 1-0: Foul Ball, location: 2F 1-1: Ball 2-1: Fly out, F9 (Flyball, 9D, EV 95.6 MPH) Runner from 2nd tags up, SAFE at 3rd, no throw by RF
|
Batting: LHB Mason Duffy
|
0-0: Ball 1-0: Called Strike 1-1: Foul Ball, location: 2F 1-2: Ball 2-2: Ball 3-2: Foul Ball, location: 2F 3-2: Base on Balls Ryan Braden to second
|
Batting: LHB Willie Ceniceros
|
0-0: Fly out, F6 (Popup, 6M, EV 76.9 MPH)
|
Top of the 8th over - 0 runs, 2 hits, 0 errors, 3 left on base; Sacramento 0 - El Paso 7 |
BOTTOM OF THE 8TH |
El Paso Chihuahuas batting - Pitching for Sacramento River Cats : RHP Jim Sprayberry
|
Batting: RHB Rodolfo Rivera
|
0-0: Ball 1-0: Ball 2-0: Foul Ball, location: 2F 2-1: Ground out 1-3 (Groundball, P, EV 65.6 MPH)
|
Pinch Hitting: LHB Anthony Mosley
|
0-0: Called Strike 0-1: Ball 1-1: Foul Ball, location: 2F 1-2: Ball 2-2: Strikes out swinging
|
Batting: RHB Jose Morrissey
|
0-0: Foul Ball, location: 2F 0-1: Fly out, F9 (Line Drive, 9S, EV 86.9 MPH)
|
Bottom of the 8th over - 0 runs, 0 hits, 0 errors, 0 left on base; Sacramento 0 - El Paso 7 |
TOP OF THE 9TH |
Sacramento River Cats batting - Pitching for El Paso Chihuahuas : RHP Jorge Guerrero
|
Now in LF: Anthony Mosley
|
|
Now in CF: Wally Cangro
|
|
Batting: RHB Brian Rogers
|
0-0: Called Strike 0-1: Called Strike 0-2: Fly out, F4 (Popup, 4D, EV 50.6 MPH)
|
Batting: RHB Dave Crouch
|
0-0: Ground out 1-3 (Groundball, P, EV 61.2 MPH)
|
Batting: RHB Hugo Zacarias
|
0-0: Ball 1-0: SINGLE (Groundball, 6D, EV 96.9 MPH)
|
Pitching: RHP Rich Reinbolt
|
|
Batting: RHB Justin Baldwin
|
0-0: Swinging Strike 0-1: Called Strike 0-2: Foul Ball, location: 2F 0-2: Ball 1-2: Ball 2-2: Strikes out swinging
|
Top of the 9th over - 0 runs, 1 hit, 0 errors, 1 left on base; Sacramento 0 - El Paso 7 |
|